 Dungeon Crawl Stone Soup version 0.30-a0-241-g1121274140 (webtiles) character file.

Game seed: 14581479646375896964

105 timneilson the Covered (level 4, 0/28 HPs)
             Began as a Gargoyle Fighter on Oct 10, 2022.
             Was an Initiate of Okawaru.
             Slain by a gnoll
             ... wielding a +0 spear
              (7 damage)
             ... on level 2 of the Dungeon.
             The game lasted 00:03:07 (1195 turns).

timneilson the Covered (Gargoyle Fighter)           Turns: 1195, Time: 00:03:08

Health: 0/28       AC: 11    Str: 21    XL:     4   Next: 81%
Magic:  4/4        EV:  9    Int:  9    God:    Okawaru [......]
Gold:   1204       SH:  4    Dex:  9    Spells: 3/3 levels left

rFire   . . .      SeeInvis .    a - +1 long sword
rCold   . . .      Faith    .    c - +0 buckler
rNeg    + . .      Spirit   .    b - +0 scale mail
rPois   ∞          Reflect  .    g - +0 helmet
rElec   +          Harm     .    (no cloak)
rCorr   .          Rampage  .    (no gloves)
Will    .....                    (no boots)
Stlth   ..........               (no amulet)
HPRegen 0.24/turn                (no ring)
MPRegen 0.09/turn                (no ring)

@: mighty
A: sickness immunity, AC +3, negative energy resistance 1, electricity
resistance, torment resistance 1, petrification resistance
a: Renounce Religion


You were on level 2 of the Dungeon.
You worshipped Okawaru.
Okawaru was noncommittal.
You visited 1 branch of the dungeon, and saw 2 of its levels.

You collected 1204 gold pieces.

Inventory:

Hand Weapons
 a - a +1 long sword (weapon)
Armour
 b - a +0 scale mail (worn)
 c - a +0 buckler (worn)
 g - a +0 helmet (worn)
Scrolls
 e - a scroll of vulnerability {unknown}
 h - a scroll of identify
 i - a scroll of teleportation
 j - a scroll of amnesia {unknown}
 k - 2 scrolls of summoning {unknown}


   Skills:
 + Level 3.6 Fighting
 * Level 2.7 Long Blades
 * Level 4.1 Armour
 + Level 1.0 Dodging
 * Level 4.0 Shields
 + Level 0.2 Invocations


You had 3 spell levels left.
You didn't know any spells.
Your spell library contained the following spells:

 Spells                   Type           Power      Damage    Failure   Level
 Beastly Appendage        Tmut           0%         N/A       80%         1
 Magic Dart               Conj           0%         1d3       80%         1
 Searing Ray              Conj           0%         2d4       91%         2
 Wereblood                Tmut           0%         N/A       91%         2
 Ozocubu's Armour         Ice            0%         N/A       99%         3
 Spider Form              Tmut/Pois      0%         N/A       99%         3
 Fulminant Prism          Conj/Hex       0%         3d6       100%        4
 Ozocubu's Refrigeration  Ice            0%         4d7       100%        7


Dungeon Overview and Level Annotations

Branches:
Dungeon (2/15)

Altars:
Okawaru

Annotations:
D:2 1 runed translucent door, Crazy Yiuf


Innate Abilities, Weirdness & Mutations

You are immune to sickness and miasma.
Your stone body is resilient. (AC +3)
You are immune to poison.
You resist negative energy. (rN+)
You are resistant to electric shocks. (rElec)
You are resistant to unholy torment.
You are immune to petrification.


Message History

* * * LOW HITPOINT WARNING * * *
You block the gnoll's attack.
You see here a +0 halberd.
You feel much better.
The gnoll hits you with a +1 halberd of venom!
You block the gnoll's attack.
You closely miss the gnoll.
The gnoll hits you with a +1 halberd of venom.
The gnoll barely misses you. The gnoll hits you but does no damage.
The gnoll hits you with a +1 halberd of venom.
You barely miss the gnoll. The gnoll closely misses you.
The gnoll barely misses you.
You barely miss the gnoll.
The gnoll hits you with a +1 halberd of venom.
You block the gnoll's attack.
You barely miss the gnoll. The gnoll closely misses you.
The gnoll hits you but does no damage.
You closely miss the gnoll. The gnoll hits you but does no damage.
You block the gnoll's attack. The gnoll hits you but does no damage.
The gnoll hits you from afar with a +0 spear.
* * * LOW HITPOINT WARNING * * *
You closely miss the gnoll.
The gnoll hits you with a +1 halberd of venom.
* * * LOW HITPOINT WARNING * * *
The gnoll misses you.
You hit the gnoll.
The gnoll is heavily wounded.
The gnoll barely misses you. x2
You slash the gnoll!
You kill the gnoll!
Okawaru accepts your kill.
The gnoll hits you from afar with a +0 spear.
* * * LOW HITPOINT WARNING * * *
The gnoll barely misses you.
Things that are here:
a +1 halberd of venom; a gnoll corpse You slash the gnoll!
The gnoll is severely wounded.
The gnoll barely misses you. The gnoll hits you with a +0 spear!
You die...

#. #.# #.# #.# # #?#
#.## #.# ....
#.#####..#.#
#...)@gg...#
#.#####..#####
##........# #..
##...#####.# #.#
##.....# #.# #.#
####......## #.# #.#
#..........###.###.##
#.##.#.......†....>.#
#
#.##.###...###.###.>#
#


You could see a gnoll and a hobgoblin.

Vanquished Creatures
  Natasha (D:2)
  Robin (D:1)
  3 gnolls
  2 ball pythons (D:2)
  4 bats
  2 endoplasms (D:1)
  2 giant cockroaches
  7 goblins
  8 hobgoblins
  A quokka (D:1)
  A frilled lizard (D:1)
  2 kobolds (D:1)
  4 rats (D:1)
38 creatures vanquished.

Vanquished Creatures (others)
  A fungus (D:2)
1 creature vanquished.

Grand Total: 39 creatures vanquished

Notes
Turn   | Place    | Note
-------+----------+-------------------------------------------
     0 | D:1      | timneilson the Gargoyle Fighter began the quest for the
                  | Orb.
     0 | D:1      | Reached XP level 1. HP: 14/14 MP: 1/1
    85 | D:1      | Reached XP level 2. HP: 17/19 MP: 2/2
   350 | D:1      | Reached XP level 3. HP: 13/23 MP: 3/3
   720 | D:1      | Identified a scroll of acquirement
   720 | D:1      | Acquired 1119 gold pieces
   768 | D:2      | Noticed Robin
   825 | D:1      | Killed Robin
  1018 | D:2      | Noticed Natasha
  1029 | D:2      | Killed Natasha
  1030 | D:2      | Reached XP level 4. HP: 19/28 MP: 4/4
  1073 | D:2      | Found an iron altar of Okawaru.
  1081 | D:2      | Became a worshipper of Warmaster Okawaru
  1109 | D:2      | Found a runed translucent door.
  1110 | D:2      | Noticed Crazy Yiuf
  1184 | D:2      | Reached skill level 1 in Dodging
  1195 | D:2      | Slain by a gnoll

Illustrated notes

Levels and vault maps discovered:
D:1:      roderic_octagonal_star, layout_basic
D:2:      layout_loops_ring, basic_altar, minmay_misc_feat_room, uniq_natasha,
          uniq_robin, uniq_crazy_yiuf_cottage

Skill      XL: |  1  2  3  4 |
---------------+-------------+-----
Long Blades    | 2 |  2.7
Armour         | 4 |  4.1
Dodging        | 1 |  1.0
Shields        | 4 |  4.0
Fighting       | |  3.6
Invocations    | |  0.2

Action                   |  1- 3 |  4- 6 || total
-------------------------+-------+-------++-------
Melee: Long sword        |   150 |    27 ||   177
  Use: Scroll            |     5 |       ||     5
       Potion            |       |     2 ||     2
Armor: Scale mail        |   108 |    10 ||   118
Dodge: Dodged            |    72 |    22 ||    94
Block: Buckler           |    47 |     7 ||    54

Table legend: (Time is in decaauts)
 A = Elapsed time spent in this place.
 B = Non-inter-level travel time spent in this place.
 C = Inter-level travel time spent in this place.
 D = Time resting spent in this place.
 E = Time spent auto-exploring this place.
 F = Levels seen in this place.
 G = Mean time per level.
                   A        B        C        D        E       F      G
               +--------+--------+--------+--------+--------+-----+--------+
         Total |   1268 |   1248 |     20 |      0 |    799 |   2 |  634.0 |
       Dungeon |   1268 |   1248 |     20 |      0 |    799 |   2 |  634.0 |
               +--------+--------+--------+--------+--------+-----+--------+

Top non-repeatable levels by time:
     D:1: 849 daAuts
     D:2: 418 daAuts
